 Dungeon Crawl Stone Soup version 0.28-a0-657-g71136c5590 (webtiles) character file.

Game seed: 3822392953791189274

182 KristoblXynda the Slasher (level 5, -1/45 HPs)
             Began as a Draconian Gladiator on Oct 12, 2021.
             Slain by Blork the orc (6 damage)
             ... on level 4 of the Dungeon.
             The game lasted 00:02:57 (2287 turns).

KristoblXynda the Slasher (Draconian Gladiator)     Turns: 2287, Time: 00:02:58

Health: -1/45      AC: 11    Str: 18    XL:     5   Next: 34%
Magic:  5/5        EV: 13    Int:  8    God:
Gold:   92         SH:  0    Dex: 12    Spells: 4/4 levels left

rFire   . . .      SeeInvis .   a - +0 long sword (drain)
rCold   . . .      Faith    .   (no shield)
rNeg    . . .      Spirit   .   (armour unavailable)
rPois   .          Reflect  .   b - +0 hat
rElec   .          Harm     .   h - +0 cloak {rCorr}
rCorr   +          Rampage  .   (no gloves)
Will    .....                   m - +0 pair of boots
Stlth   +.........              (no amulet)
HPRegen 0.15/turn               i - +4 ring of protection
MPRegen 0.09/turn               k - ring of resist corrosion

@: no status effects
A: AC +5, unfitting armour, cold-blooded
a: no special abilities


You were on level 4 of the Dungeon.
You visited 1 branch of the dungeon, and saw 5 of its levels.

You collected 92 gold pieces.

Inventory:

Hand Weapons
 a - a +0 long sword of draining (weapon)
Missiles
 c - 3 throwing nets (quivered)
Armour
 b - a +0 hat (worn)
 h - a +0 cloak of preservation (worn)
 m - a +0 pair of boots (worn)
Jewellery
 i - a +4 ring of protection (left hand)
 k - a ring of resist corrosion (right hand)
 q - a +6 ring of dexterity
Scrolls
 e - a scroll of vulnerability
Potions
 g - 2 potions of flight
 l - a potion of degeneration {unknown}
 n - 2 potions of mutation {unknown}
 p - 2 potions of heal wounds {unknown}


   Skills:
 + Level 3.5 Fighting
 * Level 4.6 Long Blades
 - Level 2.0 Throwing
 + Level 3.6 Dodging


You had 4 spell levels left.
You didn't know any spells.
Your spell library was empty.

Dungeon Overview and Level Annotations

Branches:
Dungeon (5/15)
 Temple: D:4-7

Altars:
Ashenzari
Hepliaklqana
Vehumet

Shops:
D:1 ?

Annotations:
D:4 Blork the orc


Innate Abilities, Weirdness & Mutations

Your plain brown scales are hard. (AC +5)
You cannot fit into any form of body armour.
You are cold-blooded and may be slowed by cold attacks.


Message History

Blork the orc barely misses you.
You barely miss Blork the orc.
Blork the orc is lightly wounded.
Blork the orc mumbles some strange words.
Blork the orc seems to speed up.
You closely miss Blork the orc.
Blork the orc is lightly wounded.
Blork the orc drinks a potion.
Blork the orc suddenly seems more resistant.
Blork the orc miscasts a cantrip.
You slash Blork the orc! You drain Blork the orc.
Blork the orc is heavily wounded.
Blork the orc hits you with a +0 mace. x2
You hit Blork the orc. You drain Blork the orc.
You tail-slap Blork the orc, but do no damage.
Blork the orc is severely wounded.
Blork the orc points at you and mumbles some strange words.
The puff of flame hits you.
* * * LOW HITPOINT WARNING * * *
Blork the orc hits you but does no damage.
You barely miss Blork the orc.
Blork the orc is severely wounded.
Blork the orc hits you with a +0 mace.
* * * LOW HITPOINT WARNING * * *
An orc and an orc wizard come into view.
The orc shouts!
The orc wizard points at you and mumbles some strange words.
The magic dart hits you but does no damage.
An orc warrior comes into view. It is wielding a +0 mace.
Blork the orc hits you but does no damage.
Unknown command.
Blork the orc barely misses you.
Blork the orc points at you and mumbles some strange words.
The puff of flame hits you.
* * * LOW HITPOINT WARNING * * *
The orc wizard casts a spell at you. You resist with some effort.
You hear the slow rusting of a very distant drain.
Blork the orc hits you with a +0 mace.
You die...

. #.# . #.#
#.# #.# ###
#.# ..#...
#.# ..#...
#.#
......##'####
#.......@...#
.......o...##
............#
#..##.......#
#.>........$#
#####.#+#####
#o #o #.


You could see Blork the orc (fast, resistant, drained), an orc wizard and an
orc.

Vanquished Creatures
  Crazy Yiuf (D:2)
  A hound (D:5)
  Natasha (D:2)
  An adder (D:3)
  3 dart slugs
  3 worms (D:2)
  3 orcs (D:4)
  6 bats
  8 endoplasms
  3 giant cockroaches (D:1)
  5 goblins
  5 hobgoblins
  11 jackals
  3 kobolds
  2 quokkas
  6 ball pythons
  3 frilled lizards
  5 rats
70 creatures vanquished.

Vanquished Creatures (others)
  A plant (D:5)
1 creature vanquished.

Grand Total: 71 creatures vanquished

Notes
Turn   | Place    | Note
-------+----------+-------------------------------------------
     0 | D:1      | KristoblXynda the Draconian Gladiator began the quest for
                  | the Orb.
     0 | D:1      | Reached XP level 1. HP: 17/17 MP: 1/1
   110 | D:1      | Reached XP level 2. HP: 24/25 MP: 2/2
   384 | D:1      | Reached XP level 3. HP: 24/30 MP: 3/3
   547 | D:1      | Found Pairasos's Magic Scroll Shop.
   883 | D:2      | Found a radiant altar of Vehumet.
  1349 | D:2      | Reached XP level 4. HP: 36/38 MP: 4/4
  1384 | D:2      | Noticed Natasha
  1390 | D:2      | Killed Natasha
  1391 | D:2      | Reached skill level 4 in Long Blades
  1644 | D:2      | Found a runed translucent door.
  1645 | D:2      | Noticed Crazy Yiuf
  1798 | D:2      | Killed Crazy Yiuf
  2003 | D:3      | Reached XP level 5. HP: 45/45 MP: 5/5
  2089 | D:3      | You fall into a shaft and drop 2 floors!
  2089 | D:5      | Entered Level 5 of the Dungeon
  2089 | D:5      | Found a hazy altar of Hepliaklqana.
  2186 | D:5      | Noticed an ogre
  2228 | D:4      | Found a broken altar of Ashenzari.
  2268 | D:4      | Noticed Blork the orc
  2283 | D:4      | Noticed an orc warrior
  2287 | D:4      | Slain by Blork the orc

Illustrated notes

Levels and vault maps discovered:
D:1:      scummos_arrival_simple_crosswalls, layout_loops_ring, serial_shops,
          shop, wad_floor_pattern_1, corexii_corridor_pit, minivault_5,
          minmay_indecisive_spiral
D:2:      layout_basic, basic_altar, uniq_natasha, uniq_crazy_yiuf_cottage
D:3:      corexii_shack_village, layout_basic,
          mainiacjoe_overflow_concentric_impassable,
          mainiacjoe_overflow_24_doors
D:4:      layout_basic, mainiacjoe_overflow_tiny_flanked, nemelex_altar_shiori,
          portal_sewer_entry_a, kennysheep_pointless_box, uniq_robin,
          uniq_blork_the_orc
D:5:      layout_loops_ring, zin_angel, nicolae_hepliaklqana_hazy_memory,
          temple_fountains, uniq_menkaure

Skill      XL: |  1  2  3  4 |
---------------+-------------+-----
Throwing       | 2 |  2.0
Dodging        | 3 |  3.6
Fighting       | 3 |  3.5
Long Blades    | 4 |  4.6

Action                   |  1- 3 |  4- 6 || total
-------------------------+-------+-------++-------
Melee: Long sword        |   140 |    52 ||   192
       Tailslap          |    12 |     8 ||    20
  Use: Scroll            |       |     8 ||     8
       Potion            |       |     1 ||     1
 Stab: Sleeping          |     4 |       ||     4
Armor: Skin              |    64 |    26 ||    90
Dodge: Dodged            |   104 |    27 ||   131

Table legend: (Time is in decaauts)
 A = Elapsed time spent in this place.
 B = Non-inter-level travel time spent in this place.
 C = Inter-level travel time spent in this place.
 D = Time resting spent in this place.
 E = Time spent auto-exploring this place.
 F = Levels seen in this place.
 G = Mean time per level.
                   A        B        C        D        E       F      G
               +--------+--------+--------+--------+--------+-----+--------+
         Total |   2329 |   2188 |    141 |     18 |   1620 |   5 |  465.8 |
       Dungeon |   2329 |   2188 |    141 |     18 |   1620 |   5 |  465.8 |
               +--------+--------+--------+--------+--------+-----+--------+

Top non-repeatable levels by time:
     D:2: 1011 daAuts
     D:1: 903 daAuts
     D:3: 213 daAuts
     D:5: 101 daAuts
     D:4: 100 daAuts
